 Dungeon Crawl Stone Soup version 0.24-a0-521-g122614bf49 (webtiles) character file.

Game seed: 5279458001223816266

43 Thantalas the Skirmisher (level 3, -3/33 HPs)
             Began as a Draconian Berserker on July 28, 2019.
             Was a Believer of Trog.
             Slain by a goblin
             ... wielding a +0 dagger
             ... led by Robin
              (6 damage)
             ... on level 2 of the Dungeon.
             The game lasted 00:01:43 (280 turns).

Thantalas the Skirmisher (Draconian Berserker)       Turns: 280, Time: 00:01:44

Health: -3/33      AC:  5    Str: 20    XL:     3   Next: 37%
Magic:  3/3        EV: 13    Int:  7    God:    Trog [**....]
Gold:   18         SH:  0    Dex: 10    Spells: 2/2 levels left

rFire    . . .     SeeInvis .   a - +0 hand axe
rCold    . . .     Gourm    .   (no shield)
rNeg     . . .     Faith    .   (armour unavailable)
rPois    .         Spirit   .   (helmet restricted)
rElec    .         Reflect  .   (no cloak)
rCorr    .         Harm     .   (no gloves)
MR       ++...                  (no boots)
Stlth    +.........             (no amulet)
HPRegen  1.11/turn              (no ring)
MPRegen  0.08/turn              (no ring)

@: berserk cooldown, regenerating, slowed, very slow
A: unfitting armour, cold-blooded, AC +5
a: Berserk, Trog's Hand, Renounce Religion


You were on level 2 of the Dungeon.
You worshipped Trog.
Trog was pleased with you.
You were not hungry.

You visited 1 branch of the dungeon, and saw 2 of its levels.

You collected 18 gold pieces.

Inventory:

Hand Weapons
 a - a +0 hand axe (weapon)
Armour
 f - a +0 chain mail
   (You found it on level 2 of the Dungeon)
Jewellery
 g - an uncursed ring of protection from magic {unknown}
   (You found it on level 2 of the Dungeon)
Scrolls
 h - a scroll of identify
Potions
 d - a potion of cancellation {unknown}
 e - a potion of haste {unknown}
Comestibles
 b - 3 rations
 c - 5 chunks of flesh


   Skills:
 + Level 3.9 Fighting
 + Level 3.5 Axes
 + Level 3.2 Dodging


You had 2 spell levels left.
You didn't know any spells.
Your spell library was empty.

Dungeon Overview and Level Annotations

Branches:
Dungeon (2/15)

Altars:


Innate Abilities, Weirdness & Mutations

Your plain brown scales are hard. (AC +5)
You cannot fit into any form of body armour.
You are cold-blooded and may be slowed by cold attacks.


Message History

Trog accepts your kill.
You completely miss the jackal. The jackal barely misses you.
The goblin hits you but does no damage. The jackal closely misses you.
You hit the goblin. You barely miss the jackal. The goblin hits you.
Robin throws the goblin at you! The goblin closely misses you.
The jackal barely misses you. The goblin barely misses you.
You take 4 damage, and have 9/27 hp.
Spoiler Alert: The jackal is fast!
You hit the goblin.
You kill the goblin!
Trog accepts your kill.
You closely miss the goblin. You hit the jackal.
You kill the jackal!
Trog accepts your kill.
You can now call upon Trog for regeneration and magic resistance.
The goblin hits you but does no damage. Robin hits you with a +0 mace!
* * * LOW HITPOINT WARNING * * *
You take 7 damage, and have 2/27 hp.
MASSIVE DAMAGE!!
You hit Robin. You hit the goblin.
You kill the goblin!
Trog accepts your kill.
You have reached level 3!
Your experience leads to an increase in your attributes!
Increase (S)trength, (I)ntelligence, or (D)exterity?
You feel stronger.
Your scales feel tougher.
MP restored: 3 A red film seems to cover your vision as you go berserk!
You feel yourself moving faster!
You feel mighty!
You feel a lot more hungry. Robin hits you with a +0 mace.
* * * LOW HITPOINT WARNING * * *
The rat bites you but does no damage.
You now have 2/49 hp.
You closely miss Robin. You tail-slap Robin. You completely miss the rat.
A goblin comes into view.
Robin hits you but does no damage. The rat bites you but does no damage.
You barely miss Robin.
The goblin shouts!
You tail-slap Robin. You barely miss the rat. You slash Robin!
You kill Robin!
Trog accepts your kill.
You barely miss the rat. The rat bites you but does no damage.
You slash the hobgoblin!
You kill the hobgoblin!
Trog accepts your kill.
You slash the rat!
You kill the rat!
Trog accepts your kill.
There is a stone staircase leading up here.
Items here: ))) [[ †††† You feel a strong urge to attack something.
The goblin barely misses you.
You slash the goblin!
You kill the goblin!
Trog accepts your kill.
You see here a +0 club.
You feel a strong urge to attack something.
There isn't anything here!
You are no longer berserk.
You are exhausted.
You feel yourself slow down.
You see here a goblin corpse.
You now have 2/33 hp.
You see here 5 gold pieces.
A frilled lizard comes into view.
The goblin hits you with a +0 dagger.
* * * LOW HITPOINT WARNING * * *
The goblin hits you but does no damage.
You see here a goblin corpse.
Unknown command.
Okay, then.
Your skin crawls.
You feel resistant to hostile enchantments.
You feel somewhat more hungry. The goblin completely misses you.
The frilled lizard hisses angrily.
You hit the goblin. The goblin hits you with a +0 dagger.
* * * LOW HITPOINT WARNING * * *
The goblin hits you with a +0 dagger.
* * * LOW HITPOINT WARNING * * *
You take 2 damage, and have 1/33 hp.
You closely miss the goblin.
Your tail-slap misses the goblin.
You closely miss the goblin. The goblin hits you but does no damage.
The goblin hits you with a +0 dagger.
* * * LOW HITPOINT WARNING * * *
The goblin hits you but does no damage. The frilled lizard closely misses you.
The goblin hits you but does no damage.
You hit the goblin.
Your tail-slap misses the goblin.
You hit the goblin but do no damage. You hit the frilled lizard.
You kill the frilled lizard!
Trog accepts your kill. The goblin barely misses you.
The goblin closely misses you.
A goblin comes into view.
The goblin hits you with a +0 dagger.
* * * LOW HITPOINT WARNING * * *
You barely miss the goblin. x2
The goblin shouts!
The goblin hits you but does no damage. The goblin closely misses you.
The goblin barely misses you. The goblin hits you with a +0 dagger.
You die...

#.# **,##...,,,,,,,_*
#.####.....****,*****
******#######........#** *,,,*,*
,,,,,,(hhhh.).####g.#* *,,,***
,*****#######.####.##### ***,,,,
*******######..........#* *,,,,
,,,,,,........)<).......*****,,,,
,*****#######..gg.......,,,,,,,,,
,,,,,,** #$..@..).[.#****,,,,,
,,,,,,,* #..........# **,,,<
*****,,**** #.(........# *,,,,
*,,,,,* #..........# *,,,,
******* ############ *,,,, *****


You could see 3 goblins.

Vanquished Creatures
  Robin (D:2)
  5 bats
  A giant cockroach (D:2)
  9 goblins
  A hobgoblin (D:2)
  4 jackals (D:2)
  A kobold (D:2)
  2 quokkas (D:2)
  A frilled lizard (D:2)
  2 rats
27 creatures vanquished.

Notes
Turn   | Place    | Note
-------+----------+-------------------------------------------
     0 | D:1      | Thantalas the Draconian Berserker began the quest for the
                  | Orb.
     0 | D:1      | Reached XP level 1. HP: 19/19 MP: 1/1
   100 | D:1      | Reached XP level 2. HP: 20/26 MP: 2/2
   118 | D:1      | You fall into a shaft and drop 1 floor!
   231 | D:2      | Noticed Robin
   248 | D:2      | Reached skill level 3 in Dodging
   257 | D:2      | Reached ** piety under Trog
   257 | D:2      | HP: 2/27 [Robin/+0 mace (7)]
   258 | D:2      | Reached XP level 3. HP: 3/33 MP: 3/3
   262 | D:2      | Killed Robin
   275 | D:2      | HP: 2/33 [goblin/+0 dagger[Robin] (1)]
   280 | D:2      | Slain by a goblin

Levels and vault maps discovered:
D:1:      dpeg_arrival_ratfight, layout_basic, minmay_heptomino_l4
D:2:      layout_rooms, first_ration, fountainhead, makhleb_altar_promises_db,
          uniq_terence, uniq_robin

Skill      XL: |  1  2 |
---------------+-------+-----
Dodging        | 3 |  3.2
Fighting       | |  3.9
Axes           | |  3.5

Action                   || total
-------------------------++-------
Melee: Hand axe          ||    53
       Tailslap          ||     5
Invok: Berserk           ||     1
       Trog's Hand       ||     1
  Use: Scroll            ||     5
Armor: Skin              ||    29
Dodge: Dodged            ||    59

Table legend:
 A = Non-vault XP
 B = Vault XP
 C = Vault XP percentage of total XP
 D = Non-vault monster count
 E = Vault monster count
 F = Vault count percentage of total count
                 A         B        C        D         E       F
            +---------+---------+-------+---------+---------+-------
      Total |      31 |      31 |  50.0 |      17 |      10 |  37.0
            +---------+---------+-------+---------+---------+-------
        D:1 |       9 |       3 |  25.0 |       5 |       2 |  28.6
        D:2 |      22 |      28 |  56.0 |      12 |       8 |  40.0
            +---------+---------+-------+---------+---------+-------

Levels and vault maps discovered:
D:1:      dpeg_arrival_ratfight, layout_basic, minmay_heptomino_l4
D:2:      layout_rooms, first_ration, fountainhead, makhleb_altar_promises_db,
          uniq_terence, uniq_robin

Table legend:
 A = Turns spent in this place as a percentage of turns spent in the entire game.
 B = Non-inter-level travel turns spent in this place as a percentage of non-inter-level travel turns spent in the entire game.
 C = Inter-level travel turns spent in this place as a percentage of turns spent in this place.
 D = Turns resting spent in this place as a percentage of non-inter-level travel turns spent in this place.
 E = Turns spent auto-exploring this place as a percentage of non-inter-level travel turns spent in this place.
 F = Non-inter-level travel turns spent in this place divided by the number of levels of this place that you've seen.
                   A       B       C       D       E      F
               +-------+-------+-------+-------+-------+----------------------
         Total | 100.0 | 100.0 |   7.1 |   0.0 |  47.7 | 130.0
       Dungeon | 100.0 | 100.0 |   7.1 |   0.0 |  47.7 | 130.0
               +-------+-------+-------+-------+-------+----------------------

Table legend:
 A = Kills in this place as a percentage of kills in entire the game.
 B = Kills by you in this place as a percentage of kills by you in the entire game.
 C = Kills by friends in this place as a percentage of kills by friends in the entire game.
 D = Other kills in this place as a percentage of other kills in the entire game.
 E = Experience gained in this place as a percentage of experience gained in the entire game.
 F = Experience gained in this place divided by the number of levels of this place that you have seen.
                   A       B       C       D       E      F
               +-------+-------+-------+-------+-------+----------------------
         Total | 100.0 | 100.0 |   N/A |   N/A | 100.0 |  31.0
       Dungeon | 100.0 | 100.0 |   N/A |   N/A | 100.0 |  31.0
               +-------+-------+-------+-------+-------+----------------------
